 Dungeon Sprint DCSS version 0.16-a0-3215-g5dfac0e (webtiles) character file.

93 BluebellGnoll the Covert (level 4, -15/21 HPs)
             Began as a Spriggan Enchanter on Dec 20, 2014.
             Was an Initiate of Vehumet.
             Demolished by a tentacle (17 damage)
             ... attached to a kraken
             ... in the Dungeon (Sprint II: "The Violet Keep of Menkaure").
             The game lasted 00:01:13 (84 turns).

BluebellGnoll the Covert (Spriggan Enchanter)         Turns: 84, Time: 00:01:13

Health: -15/21     AC:  3    Str:  4    XL:     4   Next: 36%
Magic:  12/12      EV: 18    Int: 17    God:    Vehumet [......]
Gold:   243        SH:  0    Dex: 16    Spells: 4 memorised, 0 levels left

rFire  . . .     SeeInvis +     a - +1 dagger
rCold  . . .     Clarity  .     b - +1 robe
rNeg   . . .     SustAb   .     (shield restricted)
rPois  .         Gourm    .     (helmet restricted)
rElec  .         Spirit   .     (no cloak)
rCorr  .         Warding  .     (gloves unavailable)
rMut   .         NoTele   +     (boots unavailable)
MR     .....                    (no amulet)
Stlth  ++++++....               (no ring)
                                (no ring)

@: very quick, not resistant to hostile enchantments, very stealthy
A: unfitting armour, see invisible, herbivore 3, speed 3, slow metabolism 2
a: Renounce Religion


You were in the Dungeon.
You worshipped Vehumet.
Vehumet was noncommittal.
You were not hungry.

You visited 1 branch You collected 243 gold pieces.

Inventory:

Hand weapons
 a - a +1 dagger (weapon)
Armour
 b - a +1 robe (worn)
Scrolls
 j - a scroll of blinking
Potions
 f - a potion of heal wounds
 g - a potion of haste
 h - 2 potions of magic
Books
 c - a book of Maledictions

   Spells                             Type                      Level
   a - Corona                         Hexes                        1
   b - Sure Blade                     Hexes/Charms                 2
   c - Ensorcelled Hibernation        Hexes/Ice                    2
   d - Confuse                        Hexes                        3
   e - Dazzling Spray                 Conjuration/Hexes            3
   f - Enslavement                    Hexes                        4
Comestibles
 d - a bread ration
 i - 2 chunks of flesh


   Skills:
 - Level 1.1 Short Blades
 - Level 3.0 Dodging
 - Level 13.5 Stealth
 * Level 2.6 Spellcasting
 + Level 3.6 Hexes


You couldn't memorise any spells.
You knew the following spells:

 Your Spells              Type           Power        Failure   Level  Hunger
a - Corona                Hex            ##.....      4%          1    #......
b - Ensorcelled Hibernat  Hex/Ice        #.....       17%         2    ##.....
c - Confuse               Hex            ##......     14%         3    ###....
d - Sure Blade            Hex/Chrm       #.........   17%         2    ##.....


Dungeon Overview and Level Annotations

Branches:
Dungeon (1/1)

Altars:
Cheibriados
Dithmenos
Elyvilon
Fedhas
Gozag
Kikubaaqudgha
Makhleb
Nemelex Xobeh
Okawaru
Qazlal
Ru
Sif Muna
Trog
Vehumet
Xom
Yredelemnul
Zin
The Shining One
Beogh
Jiyva
Lugonu


Innate Abilities, Weirdness & Mutations

You are tiny and cannot use many weapons and most armour.
You have supernaturally acute eyesight.
You are a herbivore.
You cover ground extremely quickly.
You need consume almost no food.


Message History

Found a spear.
Found 17 stones.
You open the door.
Tentacles burst out of the water!
The tentacle completely misses you.
Found 3 potions of magic, 18 stones and a spear.
There is an open door here.
The tentacle completely misses you.
Found 21 gold pieces.
You see here a pair of boots.
The tentacle slaps you!
Ouch! That really hurt!
* * * LOW HITPOINT WARNING * * *
Found a potion of magic.
You see here a leather armour.
The tentacle completely misses you.
Found a shiny diamond ring.
You see here a bread ration.
The tentacle slaps you!
Ouch! That really hurt!
You die...

▓▓▓▓▓▓ ≈≈≈≈§§▓▓
▓▓▓▓▓▓▓▓▓ !=!$$)!(▓▓
[▓$!)[%)(!▓▓ .###
)▓$$(!%!==▓▓ ...#
#▓?(?!$$?[▓▓ #..#
#▓?()(!$?@▓▓ +..#
#▓!%[$?(w%▓▓ #..#
#▓((?$(*([▓▓
##..####▓!?$$"*$[▓▓
###.^.##▓▓▓▓▓▓▓*▓▓▓▓+▓
..≈≈≈≈≈≈≈≈≈≈≈≈≈.**Xw≈▓
..≈#'########+###w≈w≈▓
..≈#....._._#{≈§##≈≈≈▓
≈§≈#...._._.#≈§§§ ###▓


You could see a kraken and 2 tentacles.

Vanquished Creatures
  4 worker ants (D)
4 creatures vanquished.

Vanquished Creatures (others)
  41 tentacle segments (D)
41 creatures vanquished.

Grand Total: 45 creatures vanquished

Notes
Turn   | Place    | Note
--------------------------------------------------------------
     0 | D        | BluebellGnoll, the Spriggan Enchanter, began the quest for the Orb.
     0 | D        | Reached XP level 1. HP: 9/9 MP: 4/4
     1 | D        | Noticed a worker ant
     1 | D        | Noticed a worker ant
     1 | D        | Noticed a worker ant
     1 | D        | Noticed a worker ant
     7 | D        | Killed a worker ant
     7 | D        | Reached skill level 9 in Stealth
     7 | D        | Reached XP level 2. HP: 13/13 MP: 7/7
     9 | D        | Killed a worker ant
     9 | D        | Reached skill level 11 in Stealth
     9 | D        | Reached XP level 3. HP: 16/16 MP: 9/9
    13 | D        | Killed a worker ant
    13 | D        | Reached skill level 12 in Stealth
    26 | D        | Killed a worker ant
    26 | D        | Reached skill level 13 in Stealth
    26 | D        | Reached XP level 4. HP: 13/21 MP: 10/12
    36 | D        | Learned a level 2 spell: Ensorcelled Hibernation
    40 | D        | Learned a level 3 spell: Confuse
    43 | D        | Learned a level 2 spell: Sure Blade
    53 | D        | Found a deep blue altar of Sif Muna.
    53 | D        | Found a viscous altar of Jiyva.
    54 | D        | Found a radiant altar of Vehumet.
    55 | D        | Found a shimmering altar of Xom.
    55 | D        | Found a bloodstained altar of Trog.
    55 | D        | Found a stormy altar of Qazlal.
    55 | D        | Found a snail-covered altar of Cheibriados.
    55 | D        | Found a white marble altar of Elyvilon.
    56 | D        | Found a shadowy altar of Dithmenos.
    58 | D        | Found a basalt altar of Yredelemnul.
    58 | D        | Found an ancient bone altar of Kikubaaqudgha.
    58 | D        | Found an opulent altar of Gozag.
    58 | D        | Found a burning altar of Makhleb.
    58 | D        | Found a glowing silver altar of Zin.
    58 | D        | Found an iron altar of Okawaru.
    58 | D        | Found a corrupted altar of Lugonu.
    59 | D        | Found a sacrificial altar of Ru.
    59 | D        | Found a roughly hewn altar of Beogh.
    59 | D        | Found a sparkling altar of Nemelex Xobeh.
    59 | D        | Found a glowing golden altar of the Shining One.
    59 | D        | Found a blossoming altar of Fedhas.
    62 | D        | Noticed a crocodile
    64 | D        | Became a worshipper of Vehumet
    74 | D        | Noticed a crocodile
    75 | D        | Noticed a kraken
    82 | D        | HP: 1/21 [tentacle[a kraken] (16)]
    84 | D        | Demolished by a tentacle

Action                   |  1- 3 |  4- 6 || total
-------------------------+-------+-------++-------
Melee: Dagger            |    22 |       ||    22
 Cast: Corona            |     1 |       ||     1
  Use: Potion            |     2 |       ||     2
